 Dungeon Sprint DCSS version 0.19-a0-1888-g6ba2374 (console) character file.

1664 Gottschkopf the Warrior (level 8, -5/160 HPs)
             Began as a Troll Berserker on Oct 17, 2016.
             Was a High Priest of Trog.
             Killed from afar by a rime drake (14 damage)
             ... with a flash freeze
             ... in the Dungeon (Sprint IX: "|||||||||||||||||||||||||||||").
             The game lasted 00:04:53 (536 turns).

Gottschkopf the Warrior (Troll Berserker)            Turns: 536, Time: 00:04:54

Health: -5/160     AC:  5    Str: 36    XL:     8   Next: 69%
Magic:  8/10       EV: 10    Int:  6    God:    Trog [*****.]
Gold:   11         SH:  0    Dex:  9    Spells: 0 memorised, 7 levels left

rFire  . . .     SeeInvis .       - Unarmed
rCold  . . .     Gourm    +     a - +0 animal skin
rNeg   . . .     Faith    .     (no shield)
rPois  .         Spirit   .     (helmet restricted)
rElec  .         Dismiss  .     (no cloak)
rCorr  .         Reflect  .     (gloves unavailable)
MR     .....     Harm     .     (boots unavailable)
Stlth  .......... NoTele   +    (no amulet)
                                n - +3 ring of intelligence
                                m - +3 ring of strength

@: berserking (expiring), lethally poisoned (-5 -> -6), very quick
A: unfitting armour, claws 3, fast metabolism 3, gourmand, regeneration 1,
shaggy fur 1, tough skin 2
a: Berserk, Trog's Hand, Brothers in Arms, Burn Spellbooks, Renounce Religion


You were in the Dungeon.
You worshipped Trog.
Trog was extremely pleased with you.
You were very full.

You visited 1 branch You collected 11 gold pieces.

Inventory:

Armour
 a - a +0 animal skin (worn)
Jewellery
 m - a +3 ring of strength (left claw)
 n - a +3 ring of intelligence (right claw)
Wands
 l - a wand of lightning (7/15)
Scrolls
 h - 3 scrolls of blinking
 k - 3 scrolls of remove curse
 p - 4 scrolls of enchant weapon
 q - 2 scrolls of identify
 r - a scroll of vulnerability
Potions
 c - 3 potions of curing
 d - 4 potions of heal wounds
 e - a potion of haste
 f - 4 potions of magic
 g - 3 potions of berserk rage
 i - 2 potions of might
 j - a potion of invisibility
 o - a potion of cure mutation
Comestibles
 b - 2 bread rations


   Skills:
 - Level 15.0 Fighting
 - Level 2.4 Dodging
 * Level 3.8 Unarmed Combat
 - Level 4.2 Evocations


You had 7 spell levels left.
You didn't know any spells.

Dungeon Overview and Level Annotations

Branches:
Dungeon (1/1)

Altars:
Cheibriados
Dithmenos
Elyvilon
Fedhas
Gozag
Hepliaklqana
Kikubaaqudgha
Makhleb
Nemelex Xobeh
Okawaru
Qazlal
Ru
Sif Muna
Trog
Uskayaw
Vehumet
Xom
Yredelemnul
Zin
The Shining One
Beogh
Jiyva
Lugonu


Innate Abilities, Weirdness & Mutations

You are too large for most types of armour.
You have claws for hands.
Your metabolism is lightning-fast.
You like to eat raw meat.
Your natural rate of healing is unusually fast.
You are covered in fur. (AC +1)
You have very tough skin. (AC +2)


Message History

The hippogriff claws you but does no damage.
You claw the hippogriff!
You kill the hippogriff!
Trog accepts your kill.
Your Fighting skill increases to level 15!
Your Evocations skill increases to level 4!
You feel sick.
You mangle the bullfrog!!
You feel the power of Trog in you as your rage grows.
You kill the bullfrog!
Trog accepts your kill.
You feel sick. The rime drake barely misses you.
There is an open door to the Lair, spattered with blood here.
Things that are here:
a bullfrog corpse; a hippogriff corpse You closely miss the rime drake.
You feel sick. The rime drake breathes ice at you. The flash freeze hits you!
You die...

▓.▓_▓
▓.▓.▓_▓
▓.▓.▓_▓
▓.▓.▓_▓
▓.▓.▓_▓
▓l▓.▓_▓
▓l▓.▓_▓
▓k▓.▓_▓
▓@▓.▓_▓
▓†▓.▓_▓
▓.▓.▓_▓
▓.▓.▓_▓
▓.▓.▓_▓
▓.▓.▓'▓
▓.▓.▓.▓
▓|▓.▓.▓
▓.▓.▓.▓


You could see a komodo dragon, a basilisk and a rime drake.

Vanquished Creatures
  2 spiny frogs (D)
  A hippogriff (D)
  A shadow (D)
  A wyvern (D)
  An orc warrior (D)
  An eye of draining (D)
  3 bullfrogs (D)
  A killer bee (D)
  A hound (D)
  2 orc wizards (D)
  2 worker ants (D)
  An adder (D)
  A hobgoblin (D)
  2 bats (D)
  2 frilled lizards (D)
  A leopard gecko skeleton (D)
  A rat (D)
24 creatures vanquished.

Vanquished Creatures (collateral kills)
  2 yaks (D)
  A killer bee (D)
  A hound (D)
4 creatures vanquished.

Grand Total: 28 creatures vanquished

Notes
Turn   | Place    | Note
-------+----------+-------------------------------------------
     0 | D        | Gottschkopf the Troll Berserker began the quest for the Orb.
     0 | D        | Reached XP level 1. HP: 22/22 MP: 0/0
    10 | D        | Reached skill level 3 in Fighting
    11 | D        | Reached ** piety under Trog
    27 | D        | Noticed a worker ant
    27 | D        | Noticed a hound
    27 | D        | Noticed an orc wizard
    49 | D        | Killed an orc wizard
    49 | D        | Reached *** piety under Trog
    49 | D        | Reached skill level 5 in Fighting
    49 | D        | Reached XP level 2. HP: 28/35 MP: 1/1
    49 | D        | Reached XP level 3. HP: 34/42 MP: 2/2
    55 | D        | Reached skill level 6 in Fighting
    56 | D        | Reached **** piety under Trog
    56 | D        | Reached skill level 7 in Fighting
    56 | D        | Reached XP level 4. HP: 47/55 MP: 3/3
   112 | D        | Found a roughly hewn altar of Beogh.
   112 | D        | Found a snail-covered altar of Cheibriados.
   112 | D        | Found a shadowy altar of Dithmenos.
   112 | D        | Found a white marble altar of Elyvilon.
   112 | D        | Found a blossoming altar of Fedhas.
   112 | D        | Found an opulent altar of Gozag.
   113 | D        | Found a hazy altar of Hepliaklqana.
   114 | D        | Found a viscous altar of Jiyva.
   115 | D        | Found an ancient bone altar of Kikubaaqudgha.
   116 | D        | Found a corrupted altar of Lugonu.
   117 | D        | Found a burning altar of Makhleb.
   118 | D        | Found a sparkling altar of Nemelex Xobeh.
   119 | D        | Found an iron altar of Okawaru.
   120 | D        | Found a stormy altar of Qazlal.
   121 | D        | Found a sacrificial altar of Ru.
   122 | D        | Found a deep blue altar of Sif Muna.
   123 | D        | Found a bloodstained altar of Trog.
   124 | D        | Found a hide-covered altar of Uskayaw.
   125 | D        | Found a radiant altar of Vehumet.
   126 | D        | Found a shimmering altar of Xom.
   127 | D        | Found a basalt altar of Yredelemnul.
   128 | D        | Found a glowing silver altar of Zin.
   129 | D        | Found a glowing golden altar of the Shining One.
   158 | D        | Noticed an orc warrior
   158 | D        | Noticed an eye of draining
   166 | D        | Reached skill level 8 in Fighting
   166 | D        | Reached XP level 5. HP: 64/66 MP: 0/4
   170 | D        | Killed an eye of draining
   170 | D        | Reached skill level 10 in Fighting
   178 | D        | Killed an orc warrior
   178 | D        | Reached skill level 11 in Fighting
   178 | D        | Reached XP level 6. HP: 18/80 MP: 0/5
   181 | D        | Reached ***** piety under Trog
   184 | D        | HP: 4/80 [worker ant (3)]
   226 | D        | Noticed a shadow
   226 | D        | Noticed a yak
   226 | D        | Noticed a yak
   226 | D        | Noticed a wyvern
   232 | D        | Killed a wyvern
   232 | D        | Reached skill level 12 in Fighting
   236 | D        | Killed a yak
   236 | D        | Reached XP level 7. HP: 34/92 MP: 6/6
   239 | D        | Killed a yak
   239 | D        | Reached skill level 13 in Fighting
   251 | D        | Killed a shadow
   500 | D        | Noticed a hippogriff
   500 | D        | Noticed a spiny frog
   500 | D        | Noticed a spiny frog
   508 | D        | Killed a spiny frog
   508 | D        | Reached skill level 14 in Fighting
   508 | D        | Reached skill level 1 in Evocations
   508 | D        | Reached XP level 8. HP: 105/105 MP: 6/8
   509 | D        | Noticed a rime drake
   516 | D        | Killed a spiny frog
   521 | D        | Noticed a komodo dragon
   533 | D        | Killed a hippogriff
   533 | D        | Reached skill level 15 in Fighting
   536 | D        | Killed from afar by a rime drake

Vault maps used:
D:        linesprint

Skill      XL: |  1  2  3  4  5  6  7  8 |
---------------+-------------------------+-----
Fighting       | 5 7 8 11 12 14 15 | 15.0
Evocations     | 1 4 |  4.2
Dodging        | |  2.4
Unarmed Combat | |  3.8

Action                   |  1- 3 |  4- 6 |  7- 9 || total
-------------------------+-------+-------+-------++-------
Melee: Unarmed           |    36 |    35 |    34 ||   105
       Punch             |       |       |     1 ||     1
Invok: Berserk           |     1 |     1 |     2 ||     4
       Brothers in Arms  |       |     1 |     1 ||     2
  Use: Potion            |       |     3 |       ||     3
  Eat: Chunk             |       |    10 |     4 ||    14
Armor: Animal skin       |    13 |     5 |     4 ||    22
Dodge: Dodged            |     6 |    21 |    16 ||    43
